[Event "*** SCC Grand Prix: Titled Tuesday Blitz"]
[Site "Chess.com"]
[Date "2020.06.23"]
[Round "7"]
[White "silverback96"]
[Black "Kapitan_Bayan"]
[Result "0-1"]
[WhiteElo "2278"]
[BlackElo "2451"]
[TimeControl "180+1"]
[EndTime "11:15:53 PDT"]
[Termination "Kapitan_Bayan won by checkmate"]

1. Nf3 Nf6 2. c4 e6 3. Nc3 d5 4. e3 c5 5. cxd5 exd5 6. d4 Nc6 7. Bb5 Bd6 8. Ne5 Qb6 9. a4 O-O 10. dxc5 Bxc5 11. Nxd5 Nxd5 12. Qxd5 Bb4+ 13. Kf1 Be6 14. Qe4 Nxe5 15. Qxe5 Rfd8 16. Be2 Rd5 17. Qg3 Rad8 18. b3 Rd1+ 19. Bxd1 Qa6+ 20. Be2 Rd1# 0-1

[Event "*** SCC Grand Prix: Titled Tuesday Blitz"]
[Site "Chess.com"]
[Date "2020.06.23"]
[Round "7"]
[White "CyberneticLion"]
[Black "Hasangatin_Ramil"]
[Result "0-1"]
[WhiteElo "2458"]
[BlackElo "2608"]
[TimeControl "180+1"]
[EndTime "11:15:56 PDT"]
[Termination "Hasangatin_Ramil won by resignation"]

1. e4 c5 2. c3 e5 3. Nf3 Nc6 4. d4 exd4 5. cxd4 cxd4 6. Nxd4 Nf6 7. Nc3 Bb4 8. Nxc6 dxc6 9. Qxd8+ Kxd8 10. f3 Be6 11. Bf4 Ke7 12. a3 Bxc3+ 13. bxc3 Rhd8 14. Be2 Nd7 15. Kf2 f6 16. Rab1 b6 17. Be3 Ne5 18. f4 Nd3+ 19. Bxd3 Rxd3 20. Rhc1 Rad8 21. a4 Bc4 22. a5 b5 23. Rb2 a6 24. Rcc2 R8d7 25. Bc5+ Ke6 26. Bd4 R7xd4 27. cxd4 Rxd4 28. Rd2 Rxe4 29. Kf3 Bd5 30. Re2 Rxe2+ 31. Kxe2 Bxg2 32. Ke3 Bd5 33. Kd4 Kd6 34. Rc2 b4 35. Rc1 g5 36. fxg5 fxg5 37.
Rg1 c5+ 38. Kd3 h6 39. h4 c4+ 40.
Kd4 gxh4 41. Rg6+ Be6 42. Rxh6 h3 43. Rh4 c3 44. Kd3 Bf5+ 45. Ke2 b3 0-1

[Event "*** SCC Grand Prix: Titled Tuesday Blitz"]
[Site "Chess.com"]
[Date "2020.06.23"]
[Round "7"]
[White "goofypenguin96"]
[Black "Maksimus1998"]
[Result "1-0"]
[WhiteElo "2357"]
[BlackElo "2459"]
[TimeControl "180+1"]
[EndTime "11:15:56 PDT"]
[Termination "goofypenguin96 won by resignation"]

1. e4 c5 2. Nf3 g6 3. d4 cxd4 4. Nxd4 Bg7 5. Nc3 Nc6 6. Be3 Nf6 7. f3 d6 8. Bc4 Qb6 9. Nf5 Qxb2 10. Nxg7+ Kf8 11.
Nd5 Kxg7 12. O-O Qa3 13. Qd2 h6 14. Nxf6 exf6 15. Rad1 Ne5 16. Bb3 Be6 17. Qxd6 Qxd6 18. Rxd6 Nc4 19. Rxe6 Nxe3 20. Re7 Nxf1 21. Rxf7+ Kg8 22.
Rxf6+ Kg7 23. Rf7+ Kg8 24. Rxb7+ Kf8 25. Kxf1 a5 26.
a4 g5 27. e5 h5 28. e6 Rh6 29. e7+ Ke8 30. Bc4 1-0

[Event "*** SCC Grand Prix: Titled Tuesday Blitz"]
[Site "Chess.com"]
[Date "2020.06.23"]
[Round "7"]
[White "aNaartjieZA"]
[Black "Biranidun"]
[Result "0-1"]
[WhiteElo "2572"]
[BlackElo "2740"]
[TimeControl "180+1"]
[EndTime "11:15:59 PDT"]
[Termination "Biranidun won by resignation"]

1. e4 c5 2. Nf3 d6 3. g3 Nf6 4. d3 Nc6 5. Bg2 g6 6. O-O Bg7 7. Re1 O-O 8. c3 e5 9. a3 b5 10. b4 Be6 11. Bb2 h6 12. Nbd2 Nd7 13. a4 a6 14.
axb5 axb5 15. Rxa8 Qxa8 16. bxc5 Nxc5 17. Qc2 Qa4 18.
Qb1 Ba2 19. Qa1 Nxd3 20. Re3 Nxb2 21. Qxb2 Be6 22. Bf1 Rb8 23. Kg2 Bf6 24. h4 Bd8 25. Rd3 Be7 26. Re3 Kg7 27. Be2 Na5 28. Ne1 Qa2 29. Qxa2 Bxa2 30. Nc2 Nc6 31. Nb4 Nxb4 32. cxb4 Be6 33. Bf3 Ra8 34. Be2 Ra4 35. Bxb5 Rxb4 36. Be2 f5 37. exf5 gxf5 38. Nf3 Kf6 39. Rc3 Bd5 40. Kg1 Rb1+ 41. Kh2 Rb2 42. Re3 Rxe2 43. Rxe2 Bxf3 0-1

[Event "*** SCC Grand Prix: Titled Tuesday Blitz"]
[Site "Chess.com"]
[Date "2020.06.23"]
[Round "7"]
[White "chigorin28"]
[Black "IsaacWiebe"]
[Result "1-0"]
[WhiteElo "2425"]
[BlackElo "2103"]
[TimeControl "180+1"]
[EndTime "11:15:59 PDT"]
[Termination "chigorin28 won by resignation"]

1. e4 c6 2. d4 d5 3. e5 Bf5 4. Nc3 e6 5. g4 Bg6 6. h4 h5 7. g5 c5 8. Nf3 cxd4 9. Nxd4 Nc6 10.
Nxc6 bxc6 11. Bd3 Bxd3 12. Qxd3 g6 13. f4 Ne7 14. Be3 Nf5 15. Bf2 Be7 16. O-O O-O 17.
Ne2 c5 18. Rad1 Qa5 19. a3 Rab8 20. b3 Rfc8 21. Rb1 c4 22. bxc4 Rxb1 23. Rxb1 Rxc4 24.
Rb8+ Kg7 25. Rb7 Bxa3 26. Rxa7 Qb4 27. Qxa3 Qxa3 28. Rxa3 Rxc2 29. Nd4 Nxd4 30. Bxd4 Rd2 31. Bb6 Rc2 32. Ra8 Rc1+ 33. Kg2 Rc2+ 34. Kf3 Rc3+ 35. Ke2 Rc4 36. Bd8 Re4+ 37. Kf3 1-0

[Event "*** SCC Grand Prix: Titled Tuesday Blitz"]
[Site "Chess.com"]
[Date "2020.06.23"]
[Round "7"]
[White "abubakrtagelsir"]
[Black "Barmen_EV"]
[Result "1-0"]
[WhiteElo "2355"]
[BlackElo "2464"]
[TimeControl "180+1"]
[EndTime "11:16:03 PDT"]
[Termination "abubakrtagelsir won on time"]

1. e4 c5 2. Nc3 Nc6 3. f4 g6 4.
Nf3 Bg7 5. Bb5 Nd4 6. O-O a6 7. Bc4 e6 8. d3 Nh6 9. Nxd4 Bxd4+ 10. Kh1 f5 11. e5 b5 12. Bb3 Ng4 13. Qe1 Bb7 14.
h3 h5 15. Ne2 Be3 16. Ng1 Bxc1 17. Rxc1 Qb6 18. c4 b4 19. Nf3 Bxf3 20. Rxf3 Ke7 21. Kg1 Nh6 22. Qh4+ Kf8 23. Rg3 Nf7 24. Rxg6 Rc8 25.
Qf6 1-0

[Event "*** SCC Grand Prix: Titled Tuesday Blitz"]
[Site "Chess.com"]
[Date "2020.06.23"]
[Round "7"]
[White "Twitch_ElhamBlitz05"]
[Black "kingmonkey2006"]
[Result "1-0"]
[WhiteElo "2766"]
[BlackElo "2578"]
[TimeControl "180+1"]
[EndTime "11:16:04 PDT"]
[Termination "Twitch_ElhamBlitz05 won by resignation"]

1. e4 c5 2. Nf3 d6 3. d4 cxd4 4. Nxd4 Nf6 5. f3 e5 6. Nb3 d5 7.
Bg5 Be6 8. Bxf6 gxf6 9. exd5 Qxd5 10. Qxd5 Bxd5 11. Nc3 Be6 12. O-O-O Nc6 13. Bd3 Be7 14.
g4 h5 15. h3 O-O-O 16. Be4 a6 17. Nd5 Bxd5 18. Bxd5 Rdf8 19. c3 Nd8 20. Be4 Rh6 21. Na5 Bc5 22. Kc2 Rfh8 23. Rxd8+ Rxd8 24. Nxb7 Bb6 25. Nxd8 Kxd8 26. Rd1+ Ke8 27. Rd6 1-0

[Event "*** SCC Grand Prix: Titled Tuesday Blitz"]
[Site "Chess.com"]
[Date "2020.06.23"]
[Round "7"]
[White "doctorcristian"]
[Black "Julianos82"]
[Result "0-1"]
[WhiteElo "2405"]
[BlackElo "2251"]
[TimeControl "180+1"]
[EndTime "11:16:04 PDT"]
[Termination "Julianos82 won by resignation"]

1. e4 c5 2. d3 b5 3. g3 Bb7 4.
Bg2 d5 5. Nd2 e6 6. Nh3 Nf6 7.
O-O Nc6 8. f4 Be7 9. Nf2 h5 10. e5 Ng4 11. Nxg4 hxg4 12. Qxg4 g6 13. c3 Qb6 14. Qe2 b4 15. Nf3 a5 16. c4 O-O-O 17.
Be3 dxc4 18. dxc4 Nd4 19. Bxd4 cxd4 20. Qd3 Bc5 21. h4 Bc6 22. Nd2 Rd7 23. Bxc6 Qxc6 24. Ne4 Rhd8 25. Rfe1 Kb7 26. Kh2 a4 27. Rad1 Kb6 28. Re2 Kb7 29. Nf2 Ka6 30. Ne4 Kb7 31.
Red2 Ka6 32. b3 a3 33. Qf3 Ka5 34. Rxd4 Rxd4 35. Rxd4 Rxd4 36. Ng5 Qxf3 37. Nxf3 Rd3 0-1

[Event "*** SCC Grand Prix: Titled Tuesday Blitz"]
[Site "Chess.com"]
[Date "2020.06.23"]
[Round "7"]
[White "cassoulet"]
[Black "vugarrasulov"]
[Result "0-1"]
[WhiteElo "2665"]
[BlackElo "2808"]
[TimeControl "180+1"]
[EndTime "11:16:05 PDT"]
[Termination "vugarrasulov won by resignation"]

1. e4 c5 2. Nf3 e6 3. d4 cxd4 4. Nxd4 Nc6 5. Nc3 Qc7 6. g3 a6 7. Bg2 h5 8. Be3 h4 9. f4 b5 10.
Qd2 Bb7 11. O-O hxg3 12. hxg3 Nf6 13. Bf3 Na5 14. Qg2 Nc4 15. Bf2 Nd2 16. a3 Nxf1 17.
Rxf1 Rb8 18. Rd1 Bc5 19. e5 Ng4 20. Bxb7 Qxb7 21. Qxb7 Rxb7 22. Ne4 Nxf2 23. Nxc5 Nxd1 24. Nxb7 Nxb2 25. Nc5 Nc4 26. Nxa6 Nxa3 27. Kg2 Ke7 28. Nc5 Rc8 29. Nd3 Rc4 30. Nf3 Rxc2+ 31. Kh3 Rc3 32. Nfe1 Nc2 33. Nxc2 Rxd3 34. Nb4 Rb3 35. Na6 b4 36.
Kg4 Rb1 37. Nc5 b3 0-1

[Event "*** SCC Grand Prix: Titled Tuesday Blitz"]
[Site "Chess.com"]
[Date "2020.06.23"]
[Round "7"]
[White "LogoCzar"]
[Black "Fortitudine"]
[Result "1-0"]
[WhiteElo "2457"]
[BlackElo "2281"]
[TimeControl "180+1"]
[EndTime "11:16:06 PDT"]
[Termination "LogoCzar won on time"]

1. d4 Nf6 2. e3 g6 3. Nf3 Bg7 4.
Be2 O-O 5. O-O b6 6. b3 Bb7 7.
Bb2 d6 8. c4 Ne4 9. Qc1 c5 10.
d5 e5 11. dxe6 fxe6 12. Nbd2 Bxb2 13. Qxb2 Qf6 14. Qc2 Nxd2 15. Qxd2 Rd8 16. Rad1 Nc6 17. Qc1 Ne5 18. Nxe5 Qxe5 19. f4 Qg7 20. Bf3 Bxf3 21. Rxf3 d5 22. cxd5 exd5 23. f5 Rd6 24. e4 Rad8 25. exd5 Rxd5 26. Qc4 Qf7 27. Rxd5 Qxd5 28.
Rd3 1-0

[Event "*** SCC Grand Prix: Titled Tuesday Blitz"]
[Site "Chess.com"]
[Date "2020.06.23"]
[Round "7"]
[White "Kezin_Roman"]
[Black "Oleksandr_Bortnyk"]
[Result "0-1"]
[WhiteElo "2785"]
[BlackElo "2908"]
[TimeControl "180+1"]
[EndTime "11:16:12 PDT"]
[Termination "Oleksandr_Bortnyk won by resignation"]

1. d4 Nf6 2. c4 e6 3. g3 d5 4. Bg2 g6 5. Nf3 Bg7 6. O-O O-O 7. Nc3 Nc6 8. cxd5 exd5 9. b3 Re8 10. Bb2 Ne7 11.
Rc1 c6 12. e3 Nf5 13. Ne5 Nd6 14. Nd3 Bf5 15. Na4 h5 16. h3 Nfe4 17. Nac5 Rc8 18. Nxe4 Bxe4 19. Ba3 Nf5 20. Qd2 Bxg2 21. Kxg2 Qg5 22.
Nf4 Re4 23. Kh2 Rce8 24. Rce1 Kh7 25. Bc5 b6 26. Ba3 h4 27. g4 Nxd4 28. f3 Rxe3 29. Ng2 Rxe1 0-1

[Event "*** SCC Grand Prix: Titled Tuesday Blitz"]
[Site "Chess.com"]
[Date "2020.06.23"]
[Round "7"]
[White "Karacsonyi_Gellert"]
[Black "Maghalashvili"]
[Result "0-1"]
[WhiteElo "2512"]
[BlackElo "2798"]
[TimeControl "180+1"]
[EndTime "11:16:14 PDT"]
[Termination "Maghalashvili won by resignation"]

1. e4 c5 2. Nf3 d6 3. d4 cxd4 4. Nxd4 Nf6 5. Nc3 a6 6. Bc4 e6 7. O-O Be7 8. Bb3 O-O 9. f4 Nc6 10. f5 Qb6 11. Be3 e5 12. Nd5 Nxd5 13. exd5 exd4 14. Bf2 Ne5 15. Bxd4 Qd8 16. Bxe5 dxe5 17. Qe2 Kh8 18. Qe4 Qb6+ 19. Kh1 Qd4 20. Qe2 Qxb2 21. Rad1 Bd7 22. f6 Bxf6 23. Bc4 Bb5 24. Bxb5 axb5 25.
Rb1 Qc3 26. Rb3 Qc4 27. Qe1 Qxd5 28. Rd3 Qe6 29. Rdf3 Be7 0-1

[Event "*** SCC Grand Prix: Titled Tuesday Blitz"]
[Site "Chess.com"]
[Date "2020.06.23"]
[Round "7"]
[White "GMMatamoros"]
[Black "justantan"]
[Result "0-1"]
[WhiteElo "2543"]
[BlackElo "2772"]
[TimeControl "180+1"]
[EndTime "11:16:14 PDT"]
[Termination "justantan won by resignation"]

1. c4 c5 2. g3 Nc6 3. Bg2 g6 4. Nc3 Bg7 5. Rb1 d6 6. a3 e6 7. b4 Nge7 8. e3 O-O 9. Nge2 Rb8 10. O-O b6 11. d4 Bb7 12. d5 Ne5 13. Qb3 exd5 14. cxd5 Rc8 15. Bb2 cxb4 16. axb4 Nc4 17. Bc1 Nf5 18. Rd1 Re8 19. Nb5 Ba6 20. Ned4 Qd7 21.
Nxf5 Qxf5 22. Nxa7 Ra8 23. Nc6 Bb5 24. e4 Rxe4 25.
Bxe4 Qxe4 26. Bf4 Ra3 27. f3 Qe2 0-1

[Event "*** SCC Grand Prix: Titled Tuesday Blitz"]
[Site "Chess.com"]
[Date "2020.06.23"]
[Round "7"]
[White "Mikasinski"]
[Black "Chuchofrio1"]
[Result "0-1"]
[WhiteElo "2367"]
[BlackElo "2228"]
[TimeControl "180+1"]
[EndTime "11:16:15 PDT"]
[Termination "Chuchofrio1 won by checkmate"]

1. e4 c5 2. Nf3 e6 3. d4 cxd4 4. Nxd4 Nf6 5. Nc3 Nc6 6. Ndb5 Bc5 7.
Bf4 O-O 8. Bd6 Qb6 9. Qd2 Bxd6 10. Qxd6 a6 11. Na4 Qa5+ 12. Nbc3 Nxe4 13. Qf4 d5 14. O-O-O e5 15. Qg3 Nxg3 16. Rxd5 Qxd5 17. Nxd5 Nxh1 18.
f3 Nf2 19. Nab6 Rb8 20. Kd2 Be6 21. Ke2 Nh1 22. c3 Rfd8 23. Ne3 f5 24. g3 f4 25.
gxf4 exf4 26. Nc2 Bf5 27. Ne1 Re8+ 28. Kd2 Rbd8+ 29. Nd3 Nf2 30. c4 Nxd3 31. Nd5 Ndb4 32. a3 Nxd5 33. cxd5 Rxd5+ 34. Kc3 Re3+ 35. Kc4 Be6 36.
Bh3 Rf5# 0-1

[Event "*** SCC Grand Prix: Titled Tuesday Blitz"]
[Site "Chess.com"]
[Date "2020.06.23"]
[Round "7"]
[White "Gerasimenyuk_Miha"]
[Black "WonderChampion"]
[Result "1-0"]
[WhiteElo "2324"]
[BlackElo "2032"]
[TimeControl "180+1"]
[EndTime "11:16:15 PDT"]
[Termination "Gerasimenyuk_Miha won by resignation"]

1. d4 d5 2. Nf3 e6 3. Bg5 Be7 4. h4 h6 5. Bxe7 Nxe7 6. e3 Bd7 7. Nbd2 Nf5 8. c3 Nd6 9. Bd3 Qe7 10. Qc2 Bb5 11.
O-O-O Bxd3 12. Qxd3 Na6 13. e4 dxe4 14. Nxe4 O-O-O 15. Ne5 Nxe4 16. Qxe4 Qf6 17. f3 Rhe8 18. Qe2 Qe7 19. Nc6 bxc6 20. Qxa6+ Kd7 21. Rhe1 Ra8 22. h5 Qg5+ 23. Kc2 Qxg2+ 24. Rd2 Qxf3 25. Rf1 Qe4+ 26. Kc1 f5 27. c4 Qe3 28. Rd1 f4 29. Kb1 f3 30. d5 Qe4+ 31. Ka1 exd5 32. cxd5 cxd5 33. Rxd5+ Qxd5 34. Rxd5+ Ke7 35. a3 f2 36. Qe2+ Kf7 37. Qxf2+ Kg8 38. Rd7 Rf8 39. Qg2 1-0

[Event "*** SCC Grand Prix: Titled Tuesday Blitz"]
[Site "Chess.com"]
[Date "2020.06.23"]
[Round "7"]
[White "Sanan_Sjugirov"]
[Black "Firouzja2003"]
[Result "0-1"]
[WhiteElo "2876"]
[BlackElo "3132"]
[TimeControl "180+1"]
[EndTime "11:16:23 PDT"]
[Termination "Firouzja2003 won by resignation"]

1. e4 e5 2. Nf3 Nc6 3. Bb5 a6 4. Ba4 Nf6 5. O-O Be7 6. Re1 b5 7. Bb3 d6 8. c3 O-O 9. h3 Re8 10. d4 Bb7 11. Nbd2 Bf8 12. Ng5 Re7 13. d5 Nb8 14. Nf1 c6 15. dxc6 Bxc6 16. Ng3 h6 17. Nf3 Re8 18. Nh4 Nbd7 19. Nhf5 Nc5 20. Bc2 d5 21. exd5 Bxd5 22. Nh5 Nxh5 23. Qxh5 Qf6 24.
Qg4 Be6 25. Qh4 g5 26. Qg4 e4 0-1

[Event "*** SCC Grand Prix: Titled Tuesday Blitz"]
[Site "Chess.com"]
[Date "2020.06.23"]
[Round "7"]
[White "pitterson"]
[Black "luizwas"]
[Result "1-0"]
[WhiteElo "2348"]
[BlackElo "1803"]
[TimeControl "180+1"]
[EndTime "11:16:24 PDT"]
[Termination "pitterson won by resignation"]

1. d4 Nf6 2. c4 e6 3. g3 b6 4.
Bg2 d5 5. cxd5 exd5 6. Nf3 Bd6 7. O-O O-O 8. Nc3 Bb7 9. Nb5 Re8 10.
Nxd6 Qxd6 11. Bf4 Qd8 12. Rc1 Na6 13. a3 c5 14. dxc5 bxc5 15. Qc2 Qb6 16. Rfd1 Rad8 17. Ne5 h6 18. h4 c4 19. Be3 d4 20. Nxc4 dxe3 21.
Nxb6 exf2+ 22. Kxf2 Ng4+ 23. Kg1 Rxd1+ 24. Qxd1 Bxg2 25.
Qa4 Rxe2 26. Qxg4 Rxb2 27. Rc8+ Kh7 28. Qf5+ 1-0

[Event "*** SCC Grand Prix: Titled Tuesday Blitz"]
[Site "Chess.com"]
[Date "2020.06.23"]
[Round "7"]
[White "jonaszmb"]
[Black "Mikhal867"]
[Result "0-1"]
[WhiteElo "2465"]
[BlackElo "2341"]
[TimeControl "180+1"]
[EndTime "11:16:27 PDT"]
[Termination "Mikhal867 won by checkmate"]

1. e4 g6 2. d4 Bg7 3. c4 d6 4.
Nc3 e5 5. Be3 Nc6 6. Nge2 f5 7.
d5 Nce7 8. f3 Nf6 9. h3 O-O 10.
g4 c6 11. Qd2 cxd5 12. cxd5 a6 13. Bh6 f4 14. Bxg7 Kxg7 15. Nc1 b5 16. Nd3 h5 17. a4 Bd7 18. axb5 axb5 19. Rxa8 Qxa8 20. Nb4 Qa1+ 21. Kf2 Qa7+ 22. Kg2 Qc5 23. Nd3 Qb6 24. g5 Ne8 25. Nb4 Nc7 26. Be2 h4 27. Rd1 Rh8 28. Nc6 Nc8 29. Na2 Rh5 30. Nab4 Rxg5+ 31. Kh1 Qf2 32.
Bf1 Rg1# 0-1

[Event "*** SCC Grand Prix: Titled Tuesday Blitz"]
[Site "Chess.com"]
[Date "2020.06.23"]
[Round "7"]
[White "realmadridtv"]
[Black "Sviridov_Valery"]
[Result "0-1"]
[WhiteElo "2492"]
[BlackElo "2848"]
[TimeControl "180+1"]
[EndTime "11:16:28 PDT"]
[Termination "Sviridov_Valery won by resignation"]

1. e4 Nf6 2. e5 Nd5 3. d4 d6 4. Nf3 dxe5 5. Nxe5 c6 6. g3 g6 7. Bg2 Bg7 8. O-O O-O 9. c4 Nc7 10. Nc3 c5 11. Be3 cxd4 12. Bxd4 Ne6 13. Nd5 Nxd4 14. Qxd4 Nc6 15. Nxc6 bxc6 16. Qf4 cxd5 17. Bxd5 e5 18. Qe3 Rb8 19. Rad1 Qa5 20. Rd2 Qxa2 21. b4 Qa4 22. b5 Bb7 23. Bxb7 Rxb7 24. Qc5 Rbb8 25. Rd7 Rbc8 26. Rc7 Rxc7 27. Qxc7 e4 28. Re1 Qb4 29.
Rd1 Qb3 30. Re1 Bd4 31. Qe7 Qxc4 32. Rxe4 Qc1+ 33. Kg2 Bb6 34. h4 Qc5 35. Qf6 Qxb5 36. h5 Qxh5 37. g4 Qd5 38. Qf3 f5 39. gxf5 Qxf5 40. Qb3+ Qf7 41. Qc2 Qxf2+ 0-1

[Event "*** SCC Grand Prix: Titled Tuesday Blitz"]
[Site "Chess.com"]
[Date "2020.06.23"]
[Round "7"]
[White "Alexander_Donchenko"]
[Black "OhanyanEminChess"]
[Result "1-0"]
[WhiteElo "2679"]
[BlackElo "2531"]
[TimeControl "180+1"]
[EndTime "11:16:30 PDT"]
[Termination "Alexander_Donchenko won by resignation"]

1. e4 e5 2. Nf3 Nc6 3. Bc4 Nf6 4. d3 d5 5. exd5 Nxd5 6. O-O Bc5 7. Re1 Be6 8. Ng5 O-O 9. Nd2 Qxg5 10. Ne4 Qe7 11. Bg5 f6 12. Bd2 Bb6 13. Qh5 Qf7 14. Qh4 Nd4 15. Rac1 Nf5 16. Qg4 Nfe3 17. Qg3 Nxc4 18.
dxc4 Ne7 19. c5 Nf5 20. Qa3 Nd4 21. c3 Nc6 22. b4 Rfd8 23. Qb2 Bxa2 24. cxb6 axb6 25.
Ng3 Be6 26. Ra1 Rxa1 27. Rxa1 Qd7 28. Be3 Qd1+ 29. Rxd1 Rxd1+ 30. Nf1 Bc4 31. h4 b5 32. Kh2 Rxf1 33. Qd2 Be6 34. Qd3 Ra1 35. Qxb5 Kf7 36.
Qxb7 Ne7 37. Qxc7 Rd1 38. b5 Rd7 39. Qc5 Nd5 40. b6 Rb7 41. Qc6 1-0

[Event "*** SCC Grand Prix: Titled Tuesday Blitz"]
[Site "Chess.com"]
[Date "2020.06.23"]
[Round "7"]
[White "deep306"]
[Black "Siniauski"]
[Result "1-0"]
[WhiteElo "2651"]
[BlackElo "2499"]
[TimeControl "180+1"]
[EndTime "11:16:30 PDT"]
[Termination "deep306 won on time"]

1. d4 Nf6 2. Bf4 b6 3. e3 Bb7 4. Nf3 g6 5. Nbd2 Bg7 6. Bd3 O-O 7. Qe2 d5 8. c3 Nbd7 9. h4 c5 10. Ne5 Nxe5 11. Bxe5 Rc8 12. h5 e6 13. Qf3 Qe7 14. Qh3 Bc6 15. g4 g5 16. h6 Bh8 17. f4 Ne4 18.
fxg5 Qxg5 19. Bf4 Qg6 20. Nf3 Ng5 21. Bxg6 Nxh3 22. Bxh7+ Kxh7 23. Rxh3 f6 24. Kd2 Rg8 25.
Rg1 Bd7 26. Rhg3 Rce8 27. g5 fxg5 28. Nxg5+ 1-0

[Event "*** SCC Grand Prix: Titled Tuesday Blitz"]
[Site "Chess.com"]
[Date "2020.06.23"]
[Round "7"]
[White "Dedic8"]
[Black "Radzio1987"]
[Result "0-1"]
[WhiteElo "2771"]
[BlackElo "2868"]
[TimeControl "180+1"]
[EndTime "11:16:33 PDT"]
[Termination "Radzio1987 won by resignation"]

1. e4 c6 2. d4 d5 3. exd5 cxd5 4. Bd3 Nc6 5. c3 e6 6. Nf3 Bd6 7. O-O Nge7 8. Re1 O-O 9. Nbd2 Nf5 10. g3 Qf6 11.
Bf1 h6 12. Bg2 b5 13. a3 Rb8 14. Nf1 a5 15. Ne3 b4 16. Nxf5 Qxf5 17. cxb4 axb4 18. a4 Ba6 19. Be3 Rfc8 20. Nd2 Na5 21. Bf1 Bxf1 22. Rxf1 Rc2 23. b3 Rbc8 24. Rb1 Qd3 25. Nf3 Qxd1 26. Rfxd1 R8c3 27. Rd2 Rc1+ 28. Rxc1 Rxc1+ 29. Kg2 Rc3 30. Ne5 Nxb3 31. Rb2 Na5 32. Bd2 Rb3 33. Rc2 Bxe5 34. dxe5 Nc4 35. Ra2 Nxd2 36. Rxd2 Ra3 37. Rc2 Rxa4 38.
Rc8+ Kh7 39. Rb8 g5 40. g4 b3 41. f3 Ra2+ 42. Kg3 Re2 0-1

[Event "*** SCC Grand Prix: Titled Tuesday Blitz"]
[Site "Chess.com"]
[Date "2020.06.23"]
[Round "7"]
[White "Rskaak"]
[Black "PauloCesarCosta_sad"]
[Result "0-1"]
[WhiteElo "1687"]
[BlackElo "2237"]
[TimeControl "180+1"]
[EndTime "11:16:33 PDT"]
[Termination "PauloCesarCosta_sad won on time"]

1. d4 Nf6 2. Nf3 g6 3. Bg5 Bg7 4. Nbd2 d5 5. e3 O-O 6. Bd3 c5 7. c3 b6 8. b3 Ba6 9. c4 Nc6 10. Rc1 cxd4 11. exd4 dxc4 12. Bxc4 Bxc4 13. Rxc4 Na5 14.
Rc2 Rc8 15. O-O h6 16. Be3 Nc6 17. Nc4 Nb4 18. Rd2 Ne4 19. Rb2 Nd5 20. Bc1 b5 21. Ne3 Ndc3 22. Qc2 Nxa2 23. Qxe4 Nc3 24. Qd3 b4 25. Bd2 e5 26. Bxc3 Rxc3 27. Qe4 exd4 28. Nd5 Re8 0-1

[Event "*** SCC Grand Prix: Titled Tuesday Blitz"]
[Site "Chess.com"]
[Date "2020.06.23"]
[Round "7"]
[White "Thipsay"]
[Black "Piotrek1979"]
[Result "1-0"]
[WhiteElo "2480"]
[BlackElo "2349"]
[TimeControl "180+1"]
[EndTime "11:16:34 PDT"]
[Termination "Thipsay won by resignation"]

1. e4 c6 2. d4 d5 3. exd5 cxd5 4. c4 Nf6 5. Nc3 e6 6. Nf3 Be7 7. c5 b6 8. b4 O-O 9. Bf4 a5 10.
a3 Ne4 11. Na4 axb4 12. Nxb6 Rxa3 13. Bxb8 Nxc5 14. dxc5 Bxc5 15. Na4 Be7 16. Be5 Bd7 17. Rxa3 bxa3 18. Nc3 Qa5 19. Bd3 Bb4 20. O-O Bxc3 21. Bxh7+ Kxh7 22. Qd3+ f5 23. Bxc3 Qb5 24. Ng5+ Kg6 25.
Qd4 Rf6 26. Nf3 Kf7 27. Qh4 1-0

[Event "*** SCC Grand Prix: Titled Tuesday Blitz"]
[Site "Chess.com"]
[Date "2020.06.23"]
[Round "7"]
[White "mishanick"]
[Black "Bulldog167"]
[Result "1-0"]
[WhiteElo "2995"]
[BlackElo "2781"]
[TimeControl "180+1"]
[EndTime "11:16:36 PDT"]
[Termination "mishanick won by resignation"]

1. d4 Nf6 2. c4 e6 3. Nf3 d5 4. Nc3 a6 5. cxd5 exd5 6. Qb3 c6 7. e4 Be7 8. e5 Ne4 9. Bd3 Nxc3 10. bxc3 b5 11. a4 Bb7 12. O-O Nd7 13. Qc2 Nf8 14.
Nd2 Ne6 15. f4 g6 16. f5 gxf5 17. Bxf5 Qd7 18. Nb3 O-O-O 19. Ba3 Rhg8 20. Bxe7 Qxe7 21. Nc5 Rg5 22. axb5 cxb5 23. Bxe6+ fxe6 24. Rf6 Rdg8 25. g3 Rxe5 26. Raf1 Rf5 27. R1xf5 exf5 28. Qxf5+ Kb8 29.
Re6 Qg5 30. Re8+ Ka7 31. Qxg5 Rxg5 32. Re7 Kb6 33. Rxb7+ Ka5 34. Rxh7 b4 35. cxb4+ Kb5 36. Kg2 Kc4 37. Ra7 Kxd4 38. Ne6+ Kc3 39. Nxg5 1-0

[Event "*** SCC Grand Prix: Titled Tuesday Blitz"]
[Site "Chess.com"]
[Date "2020.06.23"]
[Round "7"]
[White "Carolina-moon"]
[Black "queen_iryna"]
[Result "0-1"]
[WhiteElo "2030"]
[BlackElo "2236"]
[TimeControl "180+1"]
[EndTime "11:16:36 PDT"]
[Termination "queen_iryna won by resignation"]

1. e4 d6 2. d4 Nf6 3. Nc3 e5 4. Nf3 Nbd7 5. g4 g6 6. h3 Bg7 7.
Be3 O-O 8. Qd2 c6 9. O-O-O Qa5 10. Kb1 b5 11. g5 Nh5 12. dxe5 Nxe5 13. Nd4 b4 14. Nce2 c5 15. Nb3 Qa4 16. Qxd6 Nc4 17. Qxc5 Nxb2 18. Rd4 Be6 19. Rxb4 Qa3 20. Bd4 Na4 21.
Bxg7 Nxc5 22. Bxf8 Nxb3 23. Rxb3 Qxf8 24. Rb2 Rb8 25. Nc3 Rxb2+ 26. Kxb2 Qb4+ 0-1

[Event "*** SCC Grand Prix: Titled Tuesday Blitz"]
[Site "Chess.com"]
[Date "2020.06.23"]
[Round "7"]
[White "volcanoexplorer"]
[Black "OK97"]
[Result "0-1"]
[WhiteElo "2605"]
[BlackElo "2831"]
[TimeControl "180+1"]
[EndTime "11:16:37 PDT"]
[Termination "OK97 won on time"]

1. e4 g6 2. d4 Bg7 3. Nc3 d6 4. Be3 a6 5. a4 Nf6 6. h3 O-O 7.
g4 e5 8. Nge2 Nc6 9. Bg2 exd4 10. Nxd4 Bd7 11. O-O Re8 12. f4 Nxd4 13. Bxd4 c5 14.
Bf2 Bc6 15. Qd3 b5 16. Nd5 bxa4 17. c4 Rb8 18. e5 Nxd5 19. Bxd5 Bxd5 20. cxd5 Rb3 21.
Qc4 dxe5 22. Rxa4 Rxh3 23. Kg2 Rh6 24. Rxa6 exf4 25. Qxc5 Qg5 26. Kf3 Rh3+ 27. Kg2 Qxg4+ 0-1

[Event "*** SCC Grand Prix: Titled Tuesday Blitz"]
[Site "Chess.com"]
[Date "2020.06.23"]
[Round "7"]
[White "LuisFSiles"]
[Black "THE_PLAYER6"]
[Result "1-0"]
[WhiteElo "2335"]
[BlackElo "2455"]
[TimeControl "180+1"]
[EndTime "11:16:37 PDT"]
[Termination "LuisFSiles won by checkmate"]

1. e4 c5 2. Nf3 d6 3. d4 cxd4 4. Nxd4 Nf6 5. Nc3 a6 6. Be3 e5 7.
Nf3 Be7 8. Bc4 O-O 9. O-O Nc6 10.
Bg5 Be6 11. Bxf6 Bxf6 12. Bd5 Qc7 13. a4 Rac8 14. Qd2 Nd4 15. Ne1 Rfd8 16. Rc1 h6 17. g3 Bh3 18. f4 Bxf1 19. Kxf1 exf4 20. gxf4 Qd7 21. Qg2 Ne6 22. Nd3 Bxc3 23. bxc3 Rxc3 24.
f5 Nc5 25. f6 g5 26. Nf2 Re8 27. Kg1 Qd8 28. Ng4 Kf8 29. Rf1 Nd7 30. Nxh6 Ne5 31. Qxg5 Qb6+ 32. Kh1 Rec8 33. Qg8# 1-0

[Event "*** SCC Grand Prix: Titled Tuesday Blitz"]
[Site "Chess.com"]
[Date "2020.06.23"]
[Round "7"]
[White "GMJustin"]
[Black "felipelobo"]
[Result "1-0"]
[WhiteElo "2268"]
[BlackElo "2105"]
[TimeControl "180+1"]
[EndTime "11:16:37 PDT"]
[Termination "GMJustin won by resignation"]

1. d4 Nf6 2. c4 g6 3. g3 Bg7 4. Bg2 O-O 5. Nc3 d6 6. Nf3 c5 7. d5 Bg4 8. O-O Bxf3 9. Bxf3 Nbd7 10. Bg2 a6 11. e4 Ne5 12. Qe2 Rb8 13. f4 Ned7 14. e5 Ne8 15. e6 Ndf6 16. f5 Nc7 17. exf7+ Rxf7 18. fxg6 hxg6 19. Qd3 Kh7 20. Be4 Nxe4 21.
Rxf7 Nxc3 22. Qxc3 Ne8 23. Bg5 Nf6 24. Bxf6 exf6 25.
Re1 Kg8 26. Ree7 Bh8 27. Qe3 g5 28. Qe6 Qc8 29. Rg7+ 1-0